 Dungeon Crawl Stone Soup version 0.27-a0-1525-g1038ab4fd7 (webtiles) character file.

Game seed: 7276101411065893967

65 HoaS the Ruffian (level 3, -1/28 (29) HPs)
             Began as a Demigod Gladiator on July 10, 2021.
             Slain by Crazy Yiuf (3 damage)
             ... on level 2 of the Dungeon.
             The game lasted 00:03:24 (2226 turns).

HoaS the Ruffian (Demigod Gladiator)                Turns: 2226, Time: 00:03:25

HP:   -1/28 (29)    AC:  7    Str: 19    XL:     3   Next: 66%
MP:   5/5           EV: 10    Int: 10    God:
Gold: 32            SH:  0    Dex: 15    Spells: 2/2 levels left

rFire    . . .     SeeInvis .     - Unarmed
rCold    . . .     Faith    .   (no shield)
rNeg     . . .     Spirit   .   i - +0 scale mail
rPois    .         Reflect  .   b - +0 helmet
rElec    .         Harm     .   (no cloak)
rCorr    .         Rampage  .   (no gloves)
Will     .....                  (no boots)
Stlth    ..........             a - amulet of the acrobat
HPRegen  0.09/turn              (no ring)
MPRegen  0.09/turn              (no ring)

@: lightly drained
A: high mp 1, forlorn
a: no special abilities


You were on level 2 of the Dungeon.
You visited 1 branch of the dungeon, and saw 2 of its levels.

You collected 32 gold pieces.

Inventory:

Missiles
 c - 3 throwing nets (quivered)
 j - 15 poisoned darts
Armour
 b - a +0 helmet (worn)
 i - a +0 scale mail (worn)
Jewellery
 a - an amulet of the acrobat (around neck)
 l - a ring of ice
Scrolls
 g - a scroll of enchant armour {unknown}
 m - 2 scrolls of magic mapping
Potions
 d - a potion of ambrosia
 e - a potion of degeneration {unknown}
 f - a potion of magic {unknown}
 h - a potion of brilliance {unknown}
 k - a potion of invisibility {unknown}
 n - a potion of haste {unknown}


   Skills:
 - Level 1.7 Fighting
 - Level 1.7 Throwing
 - Level 2.6 Dodging
 + Level 4.4 Unarmed Combat


You had 2 spell levels left.
You didn't know any spells.
Your spell library contained the following spells:

 Spells                   Type           Power      Damage    Failure   Level
 Foxfire                  Conj/Fire      0%         2x1d4     77%         1
 Conjure Flame            Conj/Fire      0%         6-21      98%         3
 Inner Flame              Hex/Fire       0%         N/A       98%         3


Dungeon Overview and Level Annotations

Branches:
Dungeon (2/15)

Annotations:
D:2 Crazy Yiuf


Innate Abilities, Weirdness & Mutations

Your attributes grow dramatically as you level up.
You have an increased reservoir of magic. (+10% MP)
You shall have no god before yourself.


Message History

The rat barely misses you.
You barely miss the rat.
The rat is severely wounded.
The rat bites you but does no damage.
You barely miss the rat.
The rat is severely wounded.
The rat barely misses you.
You hit the rat.
You kill the rat!
Things that are here:
a +0 dagger; a stone You now have 32 gold pieces (gained 12).
Found a ring mail.
A bat comes into view.
The bat misses you.
You hit the bat.
You kill the bat!
No target in view!
You see here a +0 ring mail.
There is a stone staircase leading down here.
You see here a ball python skeleton.
Found a stone staircase leading up.
There is a stone staircase leading down here.
You see here a +0 ring mail.
Crazy Yiuf shouts!
No reachable target in view!
Could not explore, unopened runed door.
As you open the door, it creaks loudly!
Crazy Yiuf yells, "Gnoll snockshim senile!"
You barely miss Crazy Yiuf.
Crazy Yiuf hits you with a +4 quarterstaff of chaos!
You barely miss Crazy Yiuf.
Crazy Yiuf hits you with a +4 quarterstaff of chaos!
Crazy Yiuf freezes you.
You hit Crazy Yiuf.
Crazy Yiuf is moderately wounded.
Crazy Yiuf hits you with a +4 quarterstaff of chaos!
* * * LOW HITPOINT WARNING * * *
You feel drained.
You die...

#...?...#.
#......##.
###......##.
#####
#.....#####.
#..)#
#.....# #.
#...#
#.....# #.
*...*
#.....# #.
*#g#*
#....)# #.
♣♣@♣ #.....#
## ♣.♣♣
#.....######
♣♣.♣
#.....'.....
♣.♣♣
#.....######
♣♣.♣♣
#######
♣...♣♣ ####
♣....♣ #..#
#....# ##.#
#+..+# #.#


You could see Crazy Yiuf.

Vanquished Creatures
  An adder (D:2)
  2 worms (D:2)
  A dart slug (D:2)
  4 ball pythons (D:2)
  4 endoplasms
  2 giant cockroaches
  3 goblins (D:2)
  3 hobgoblins
  4 jackals
  7 kobolds
  2 quokkas (D:2)
  5 bats
  3 frilled lizards
  3 rats
44 creatures vanquished.

Vanquished Creatures (others)
  3 withered plants (D:1)
3 creatures vanquished.

Grand Total: 47 creatures vanquished

Notes
Turn   | Place    | Note
-------+----------+-------------------------------------------
     0 | D:1      | HoaS the Demigod Gladiator began the quest for the Orb.
     0 | D:1      | Reached XP level 1. HP: 17/17 MP: 3/3
    98 | D:1      | Reached skill level 3 in Unarmed Combat
   398 | D:1      | Reached XP level 2. HP: 18/24 MP: 4/4
  1418 | D:2      | Found a runed translucent door.
  1419 | D:2      | Noticed Crazy Yiuf
  1534 | D:2      | Reached XP level 3. HP: 22/29 MP: 5/5
  1629 | D:2      | Reached skill level 4 in Unarmed Combat
  2226 | D:2      | Slain by Crazy Yiuf

Illustrated notes

Levels and vault maps discovered:
D:1:      psy_arrival_radial02, layout_basic, ebering_ecumenical_altar_petrified
D:2:      layout_basic, solitary_fountain, minmay_hexomino_r4,
          uniq_crazy_yiuf_cottage

Skill      XL: |  1  2  3 |
---------------+----------+-----
Unarmed Combat | 3 4 |  4.4
Fighting       | |  1.7
Throwing       | |  1.7
Dodging        | |  2.6

Action                   || total
-------------------------++-------
Melee: Unarmed           ||   173
       Punch             ||     2
  Use: Scroll            ||     3
Armor: Leather armour    ||     7
       Scale mail        ||    41
Dodge: Dodged            ||    95

Table legend: (Time is in decaauts)
 A = Elapsed time spent in this place.
 B = Non-inter-level travel time spent in this place.
 C = Inter-level travel time spent in this place.
 D = Time resting spent in this place.
 E = Time spent auto-exploring this place.
 F = Levels seen in this place.
 G = Mean time per level.
                   A        B        C        D        E       F      G
               +--------+--------+--------+--------+--------+-----+--------+
         Total |   2221 |   2212 |      9 |    686 |   1184 |   2 | 1110.5 |
       Dungeon |   2221 |   2212 |      9 |    686 |   1184 |   2 | 1110.5 |
               +--------+--------+--------+--------+--------+-----+--------+

Top non-repeatable levels by time:
     D:2: 1240 daAuts
     D:1: 980 daAuts
